 Dungeon Sprint DCSS version 0.18-a0-1014-g3bbf375 (webtiles) character file.

741 pipel the Cleaver (level 7, -13/117 HPs)
             Began as a Deep Dwarf Berserker on Jan 6, 2016.
             Was a Priest of Trog.
             Mangled by a boulder beetle (40 damage)
             ... in the Dungeon (Sprint II: "The Violet Keep of Menkaure").
             The game lasted 00:02:38 (223 turns).

pipel the Cleaver (Deep Dwarf Berserker)             Turns: 223, Time: 00:02:38

Health: -13/117    AC:  2    Str: 28    XL:     7   Next: 47%
Magic:  6/6        EV: 16    Int:  7    God:    Trog [***...]
Gold:   486        SH:  0    Dex: 12    Spells: 0 memorised, 6 levels left

rFire  . . .     SeeInvis .     a - +0 hand axe
rCold  . . .     Gourm    .     b - +0 animal skin
rNeg   . . .     Faith    .     (no shield)
rPois  .         Spirit   .     (no helmet)
rElec  .         Dismiss  .     (no cloak)
rCorr  .         Reflect  .     (no gloves)
SustAt .         Harm     .     (no boots)
MR     +++..     NoTele   +     (no amulet)
Stlth  ..........               (no ring)
                                (no ring)

@: berserking (expiring), non-regenerating, very quick, extremely resistant to
hostile enchantments, extremely unstealthy
A: damage resistance, recharge devices, blurry vision 1, low mp 1, sense
surroundings 1, slow regeneration 3
a: Device Recharging, Berserk, Trog's Hand, Burn Spellbooks, Renounce Religion


You were in the Dungeon.
You worshipped Trog.
Trog was most pleased with you.
You were hungry.

You visited 1 branch You collected 486 gold pieces.

Inventory:

Hand Weapons
 a - a +0 hand axe (weapon)
Armour
 b - a +0 animal skin (worn)
Wands
 c - a wand of heal wounds (5/9)
Scrolls
 j - a scroll of blinking
Potions
 e - a potion of curing
 g - a potion of haste
 h - 2 potions of magic
 i - a potion of berserk rage
Comestibles
 d - a bread ration
 k - 11 chunks of flesh


   Skills:
 + Level 9.7 Fighting
 + Level 11.3 Axes
 + Level 5.4 Armour
 + Level 7.8 Dodging
 + Level 1.3 Stealth


You had 6 spell levels left.
You didn't know any spells.

Dungeon Overview and Level Annotations

Branches:
Dungeon (1/1)

Altars:


Innate Abilities, Weirdness & Mutations

You are resistant to damage.
You can recharge devices by infusing magical energy.
You passively map a small area around you.
You do not regenerate naturally.
Scrolls take you a little longer to read.
Your magical capacity is low (-10% MP).


Message History

You hit the boulder beetle but do no damage.
The boulder beetle is moderately wounded.
The boulder beetle completely misses you.
You hit the boulder beetle but do no damage.
The boulder beetle is moderately wounded.
You slash the boulder beetle!
The boulder beetle is moderately wounded.
You slash the boulder beetle!
The boulder beetle is heavily wounded.
You hit the boulder beetle but do no damage.
The boulder beetle is heavily wounded.
The boulder beetle closely misses you.
You hit the boulder beetle but do no damage.
The boulder beetle is heavily wounded.
You hit the boulder beetle but do no damage.
The boulder beetle is heavily wounded.
You hit the boulder beetle but do no damage.
The boulder beetle is heavily wounded.
The boulder beetle bites you!!!
You die...

* *+ + ** , ***
≈≈, , +, , ≈
##+## , ≈≈
##.#.## * , *
#.###.# ,, ,
≈####.#.#### * *
∩ ,
##.###÷###.## ,
*≈#..###.##..$#,
,+ +##.†@B.'#
*+, * , ,
≈#..###.##...# ,
**
##.###+#*#.##,
,, ≈ ####.## ##
≈ + * #.## ≈ ≈
##.$.#*≈ ≈ ≈ * *
, *#'## ≈ ≈≈ *
** ≈≈3 ≈ , '
*§'' ≈


You could see a boulder beetle.

Vanquished Creatures
  A boulder beetle (D)
  2 hippogriffs (D)
  2 neqoxecs (D)
  4 worker ants (D)
9 creatures vanquished.

Vanquished Creatures (others)
  A neqoxec (D)
  A crocodile (D)
2 creatures vanquished.

Grand Total: 11 creatures vanquished

Notes
Turn   | Place    | Note
--------------------------------------------------------------
     0 | D        | pipel the Deep Dwarf Berserker began the quest for the Orb.
     0 | D        | Reached XP level 1. HP: 20/20 MP: 1/1
     1 | D        | Noticed a hippogriff
     1 | D        | Noticed a hippogriff
     4 | D        | Noticed a boulder beetle
     4 | D        | Noticed a boulder beetle
     7 | D        | Noticed a neqoxec
    13 | D        | Noticed a neqoxec
    20 | D        | Gained mutation: Your magical capacity is low (-10% MP). [a neqoxec]
    21 | D        | Gained mutation: Scrolls take you a little longer to read. [a neqoxec]
    23 | D        | Killed a neqoxec
    23 | D        | Reached skill level 6 in Fighting
    23 | D        | Reached skill level 7 in Axes
    23 | D        | Reached XP level 2. HP: 25/33 MP: 1/1
    23 | D        | Reached XP level 3. HP: 30/40 MP: 2/2
    23 | D        | Reached XP level 4. HP: 36/48 MP: 3/3
    25 | D        | Killed a neqoxec
    25 | D        | Reached ** piety under Trog
    25 | D        | Reached skill level 9 in Axes
    25 | D        | Reached XP level 5. HP: 40/57 MP: 4/4
    30 | D        | Noticed a neqoxec
    58 | D        | Reached skill level 5 in Dodging
    58 | D        | Reached XP level 6. HP: 47/67 MP: 5/5
    94 | D        | Reached *** piety under Trog
    94 | D        | Reached skill level 5 in Armour
   108 | D        | Killed a hippogriff
   108 | D        | Reached skill level 10 in Axes
   108 | D        | Reached skill level 1 in Stealth
   118 | D        | Killed a hippogriff
   118 | D        | Reached XP level 7. HP: 76/76 MP: 6/6
   125 | D        | Killed a neqoxec
   213 | D        | Killed a boulder beetle
   213 | D        | Reached skill level 11 in Axes
   223 | D        | Mangled by a boulder beetle

Vault maps used:
D:        the_violet_keep_of_menkaure

Action                   |  1- 3 |  4- 6 |  7- 9 || total
-------------------------+-------+-------+-------++-------
Melee: Hand axe          |    14 |    48 |    22 ||    84
Invok: Berserk           |     1 |     1 |     2 ||     4
       Trog's Hand       |       |     2 |     1 ||     3
  Use: Potion            |       |     1 |       ||     1
 Stab: Sleeping          |       |     1 |       ||     1
  Eat: Chunk             |       |       |     1 ||     1
